 Dungeon Crawl Stone Soup version 0.27.1-2-g3b301248ec (webtiles) character file.

Game seed: 4500848802541341549

485 H0rd4k the Insei (level 7, -1/64 HPs)
             Began as an Octopode Transmuter on Sept 23, 2021.
             Killed from afar by a white imp (3 damage)
             ... with a puff of frost
             ... on level 6 of the Dungeon.
             The game lasted 00:05:54 (5525 turns).

H0rd4k the Insei (Octopode Transmuter)              Turns: 5525, Time: 00:05:56

Health: -1/64      AC:  1    Str:  8 (9)  XL:     7   Next: 13%
Magic:  20/20      EV: 13    Int: 15 (17) God:
Gold:   197        SH:  0    Dex: 10 (13) Spells: 7/11 levels left

rFire    . . .     SeeInvis .     - Unarmed
rCold    . . .     Faith    .   (no shield)
rNeg     . . .     Spirit   .   (helmet restricted)
rPois    .         Reflect  .   (no amulet)
rElec    .         Harm     .   e - ring of magical power
rCorr    .         Rampage  .   (no ring)
Will     .....                  (no ring)
Stlth    ..........             (no ring)
HPRegen  0.20/turn              (no ring)
MPRegen  0.17/turn              (no ring)
                                (no ring)
                                (no ring)

@: berserking, attractive, very quick
A: almost no armour, amphibious, 8 rings, camouflage 1, gelatinous body 1,
(nimble swimmer 1), tentacles
a: no special abilities


You were on level 6 of the Dungeon.
You visited 1 branch of the dungeon, and saw 6 of its levels.

You collected 197 gold pieces.

Inventory:

Magical Staves
 n - a staff of death
Jewellery
 e - a ring of magical power (left tentacle)
Wands
 l - a wand of charming (7)
 o - a wand of polymorph (7)
 p - a wand of flame (17)
Scrolls
 b - a scroll of amnesia {unknown}
 d - a scroll of enchant weapon {unknown}
 f - a scroll of noise {unknown}
 g - 2 scrolls of teleportation {unknown}
 h - 3 scrolls of identify {unknown}
 i - a scroll of immolation {unknown}
 j - a scroll of magic mapping {unknown}
Potions
 a - a potion of attraction


   Skills:
 + Level 1.3 Fighting
 + Level 2.7 Dodging
 + Level 4.1 Stealth
 + Level 5.4 Unarmed Combat
 * Level 2.9 Spellcasting
 * Level 2.8 Transmutations
 + Level 2.8 Poison Magic


You had 7 spell levels left.
You knew the following spells:

 Your Spells              Type           Power      Damage    Failure   Level
a - Beastly Appendage     Tmut           20%        N/A       6%          1
b - Spider Form           Tmut/Pois      5%         N/A       19%         3

Your spell library contained the following spells:

 Spells                   Type           Power      Damage    Failure   Level
 Wereblood                Tmut           10%        N/A       10%         2
 Sublimation of Blood     Necr           1%         N/A       30%         2
 Ice Form                 Ice/Tmut       6%         N/A       75%         4
 Blade Hands              Tmut           5%         N/A       87%         5
 Irradiate                Conj/Tmut      3%         3d14      97%         5
 Dragon Form              Tmut           5%         N/A       100%        7
 Summon Hydra             Summ           1%         N/A       100%        7


Dungeon Overview and Level Annotations

Branches:
Dungeon (6/15)             Temple (0/1) D:6

Altars:
Ashenzari
Qazlal

Shops:
D:3 [

Annotations:
D:4 exclusion: ogre


Innate Abilities, Weirdness & Mutations

You cannot wear most types of armour.
You are amphibious.
You can wear up to eight rings at the same time.
Your skin changes colour to match your surroundings (Stealth+).
Your rubbery body absorbs attacks. (AC +1, EV +1)
((You are camouflaged near water. (Stealth+)))
You have tentacles for arms and can constrict up to eight enemies at once.


Message History

The scorpion completely misses you. The gnoll completely misses you.
The scorpion barely misses you.
Your transformation has ended.
There is a stone staircase leading down here.
The scorpion closely misses you. The scorpion stings you.
* * * LOW HITPOINT WARNING * * *
You climb downwards.
Found three items.
Found a staircase to the Ecumenical Temple.
There is a stone staircase leading up here.
Found a robe.
It was a potion of attraction.
You feel attractive to monsters. The scorpion misses you.
The centaur is pulled toward you! The white imp is pulled toward you!
The centaur is pulled toward you!
It was a potion of degeneration.
There was something very wrong with that liquid.
You feel weakened.
You feel dopey.
You feel clumsy.
The white imp shouts!
The scorpion closely misses you.
The white imp hits you but does no damage.
It was a potion of berserk rage.
A red film seems to cover your vision as you go berserk!
You feel yourself moving faster!
You feel mighty! The scorpion barely misses you.
The scorpion closely misses you. The white imp gestures at you.
The puff of frost misses you.
You bludgeon the scorpion! Your grab misses the scorpion.
The scorpion is severely wounded.
The centaur is pulled toward you!
You bludgeon the scorpion!
You kill the scorpion!
The centaur wields a +0 shortbow.
The centaur shoots an arrow.
The arrow hits you!
* * * LOW HITPOINT WARNING * * *
The white imp gestures at you. The puff of frost hits you.
You die...

...... .. #....#
....[
#....##.#.8.
.......?...
##......8.>.
###....(......
#.#.....5...#.8.
#......@.?......
....#.##........
. .. #.c....#.#
............#
###..........#
#.............#
..............#
..........#.#..
#.^.......###..


You could see a centaur and a white imp.

Vanquished Creatures
  Sigmund (D:3)
  A scorpion (D:6)
  A centaur zombie (D:5)
  Natasha (twice) (D:4)
  2 iguanas (D:5)
  2 orc wizards (D:5)
  A howler monkey skeleton (D:5)
  3 adders
  2 ufetubi
  An adder skeleton (D:4)
  A worm (D:2)
  3 dart slugs
  12 orcs
  4 ball pythons
  6 endoplasms
  2 giant cockroaches
  5 goblins
  5 hobgoblins
  2 jackals (D:1)
  10 kobolds
  A quokka (D:3)
  6 bats
  5 frilled lizards
  7 rats
85 creatures vanquished.

Notes
Turn   | Place    | Note
-------+----------+-------------------------------------------
     0 | D:1      | H0rd4k the Octopode Transmuter began the quest for the Orb.
     0 | D:1      | Reached XP level 1. HP: 13/13 MP: 3/3
   168 | D:1      | Reached XP level 2. HP: 6/18 MP: 5/5
  1041 | D:1      | Reached XP level 3. HP: 23/23 MP: 6/6
  1045 | D:1      | Learned a level 3 spell: Spider Form
  1219 | D:2      | Reached skill level 1 in Stealth
  1454 | D:2      | Reached skill level 4 in Unarmed Combat
  2052 | D:2      | Reached skill level 1 in Poison Magic
  2550 | D:3      | Found Zearisch's Antique Armour Emporium.
  2596 | D:3      | Reached XP level 4. HP: 28/28 MP: 7/7
  2638 | D:3      | Found a stormy altar of Qazlal.
  2674 | D:3      | Noticed Sigmund
  3015 | D:3      | Killed Sigmund
  3016 | D:3      | Reached XP level 5. HP: 29/33 MP: 8/8
  3016 | D:3      | Reached XP level 6. HP: 34/38 MP: 9/9
  3807 | D:4      | Reached skill level 5 in Unarmed Combat
  4128 | D:4      | Noticed Natasha
  4144 | D:4      | Killed Natasha
  4268 | D:4      | Noticed Natasha
  4276 | D:4      | Killed Natasha
  4979 | D:5      | Entered Level 5 of the Dungeon
  4987 | D:5      | Noticed an ice beast
  5006 | D:5      | Found a broken altar of Ashenzari.
  5229 | D:5      | Reached XP level 7. HP: 24/43 MP: 11/11
  5505 | D:5      | HP: 2/43 [poisoned by a scorpion]
  5518 | D:6      | Found a staircase to the Ecumenical Temple.
  5525 | D:6      | HP: 2/64 [centaur/arrow (15)]
  5525 | D:6      | Killed from afar by a white imp

Illustrated notes

Levels and vault maps discovered:
D:1:      dpeg_arrival_connections, layout_basic,
          wander_ebering_terrifying_dragon_lair
D:2:      layout_loops_corners, corner_web_ring
D:3:      layout_loops_ring, nicolae_qazlal_scattered_showers, serial_shops,
          nicolae_lakefront_shop, uniq_sigmund
D:4:      layout_basic, grunt_temple_overflow_cloverleaf, serial_corexii_hall,
          corexii_hall_statues_l, chequers_hall_statues_wall_a,
          corexii_hall_statues_i, corexii_hall_statues_u, uniq_natasha
D:5:      layout_basic, cheibrodos_ashenzari_chains, hangedman_glass_teeth
D:6:      layout_cave_pools, minmay_temple_entry_statues_pillars, uniq_duvessa

Skill      XL: |  1  2  3  4  5  6 |
---------------+-------------------+-----
Stealth        | 1 3 4 |  4.1
Unarmed Combat | 4 5 |  5.4
Poison Magic   | 1 2 |  2.8
Fighting       | |  1.3
Dodging        | |  2.7
Spellcasting   | |  2.9
Transmutations | |  2.8

Action                   |  1- 3 |  4- 6 |  7- 9 || total
-------------------------+-------+-------+-------++-------
Melee: Unarmed           |    96 |   127 |    21 ||   244
       Constrict         |    21 |    17 |       ||    38
       Tentacles         |    13 |    19 |       ||    32
       Punch             |     2 |     1 |       ||     3
 Cast: Spider Form       |       |     7 |     2 ||     9
Evoke: Wand              |       |     2 |       ||     2
  Use: Potion            |       |       |     7 ||     7
 Stab: Sleeping          |    11 |    10 |       ||    21
Armor: Skin              |     6 |    10 |     2 ||    18
Dodge: Dodged            |    53 |    85 |    29 ||   167
